 Dungeon Crawl Stone Soup version 0.28.0-53-g5a82cb258f (webtiles) character file.

Game seed: 13754127778631574420

63 Sin92 the Skirmisher (level 3, -2/43 HPs)
             Began as a Demonspawn Fighter on June 23, 2022.
             Slain by Jessica
             ... wielding a +0 club
              (5 damage)
             ... on level 2 of the Dungeon.
             The game lasted 00:01:24 (1965 turns).

Sin92 the Skirmisher (Demonspawn Fighter)           Turns: 1965, Time: 00:01:25

Health: -2/43      AC:  8    Str: 18    XL:     3   Next: 87%
Magic:  3/3        EV:  9    Int:  9    God:
Gold:   73         SH:  4    Dex: 12    Spells: 2/2 levels left

rFire   . . .      SeeInvis .   a - +0 war axe
rCold   . . .      Faith    .   c - +0 buckler
rNeg    . . .      Spirit   .   b - +0 scale mail
rPois   .          Reflect  .   (no helmet)
rElec   .          Harm     .   (no cloak)
rCorr   .          Rampage  .   (no gloves)
Will    .....                   (no boots)
Stlth   ..........              (no amulet)
HPRegen 0.14/turn               (no ring)
MPRegen 0.08/turn               (no ring)

@: berserking, very quick
A: molten scales 1, powered by pain 1
a: no special abilities


You were on level 2 of the Dungeon.
You visited 1 branch of the dungeon, and saw 2 of its levels.

You collected 73 gold pieces.

Inventory:

Hand Weapons
 a - a +0 war axe (weapon)
Missiles
 e - 2 boomerangs (quivered)
 j - 5 javelins
Armour
 b - a +0 scale mail (worn)
 c - a +0 buckler (worn)
Scrolls
 f - 2 scrolls of teleportation {unknown}
 h - a scroll of identify {unknown}
 i - a scroll of immolation {unknown}
Potions
 d - a potion of might
 g - a potion of berserk rage


   Skills:
 + Level 3.3 Fighting
 * Level 2.6 Axes
 + Level 3.0 Armour
 + Level 1.1 Dodging
 + Level 3.0 Shields


You had 2 spell levels left.
You didn't know any spells.
Your spell library contained the following spells:

 Spells                   Type           Power      Damage    Failure   Level
 Animate Skeleton         Necr           0%         N/A       86%         1
 Pain                     Necr           0%         1d4       86%         1
 Vampiric Draining        Necr           0%         2d6       99%         3


Dungeon Overview and Level Annotations

Branches:
Dungeon (2/15)

Altars:

Shops:
D:1 (

Annotations:
D:2 Jessica, Natasha


Innate Abilities, Weirdness & Mutations

You are partially covered in molten scales. (AC +2)
You sometimes gain a little power by taking damage.


Message History

There are monsters nearby!
You are too injured to fight recklessly!
Unknown command.
There are monsters nearby!
You are too injured to fight recklessly!
Unknown command.
There are monsters nearby!
You barely miss Natasha.
Natasha is severely wounded.
You hit the white imp.
Jessica points at you and mumbles some strange words.
Pain shoots through your body!
* * * LOW HITPOINT WARNING * * *
The white imp gestures at you. The puff of frost hits you.
* * * LOW HITPOINT WARNING * * *
Natasha misses you. You block the white imp's attack.
It was a potion of berserk rage.
A red film seems to cover your vision as you go berserk!
You feel yourself moving faster!
You feel mighty! Natasha claws you but does no damage.
You block the white imp's attack. Jessica hits you with a +0 club.
* * * LOW HITPOINT WARNING * * *
You closely miss Natasha.
Natasha is severely wounded.
You closely miss Jessica. You barely miss the white imp.
Natasha closely misses you. Jessica barely misses you.
The white imp hits you but does no damage.
You closely miss Natasha.
Natasha is severely wounded.
You barely miss Jessica. You hit the white imp. Jessica closely misses you.
Natasha claws you but does no damage. The white imp gestures at you.
The puff of frost misses you.
You miss Natasha.
Natasha is heavily wounded.
You closely miss Jessica. You closely miss the white imp.
You block Jessica's attack. Natasha closely misses you.
Jessica hits you with a +0 club.
You die...

#.# #.# #.# #.#
#.# #.# #.#
#######.# #.#
........# ###
......<.#######
.......†.......
###.###@.#.....
#. #@5...... #
#.h.!....
#........
#........
.....#.##
......:#
........
##...####


You could see Natasha, a white imp (summoned) and Jessica (fast).

Vanquished Creatures
  A gnoll (D:1)
  An adder (D:2)
  A worm (D:2)
  2 dart slugs (D:1)
  3 endoplasms
  2 giant cockroaches (D:1)
  4 goblins (D:1)
  3 hobgoblins (D:1)
  3 quokkas
  3 ball pythons
  4 bats
  4 frilled lizards
  2 kobolds (D:1)
  3 rats
36 creatures vanquished.

Vanquished Creatures (others)
  A plant (D:1)
  A withered plant (D:1)
2 creatures vanquished.

Grand Total: 38 creatures vanquished

Notes
Turn   | Place    | Note
-------+----------+-------------------------------------------
     0 | D:1      | Sin92 the Demonspawn Fighter began the quest for the Orb.
     0 | D:1      | Reached XP level 1. HP: 18/18 MP: 1/1
   299 | D:1      | Found Jaekopaw's Weapon Shop.
   311 | D:1      | Gained mutation: You are partially covered in molten
                  | scales. (AC +2) [demonic ancestry]
   311 | D:1      | Reached XP level 2. HP: 23/24 MP: 2/2
   717 | D:1      | Gained mutation: You sometimes gain a little power by
                  | taking damage. [demonic ancestry]
   717 | D:1      | Reached XP level 3. HP: 29/29 MP: 3/3
  1069 | D:1      | Found a faded altar of an unknown god.
  1077 | D:1      | Reached skill level 1 in Dodging
  1949 | D:2      | Noticed Jessica
  1950 | D:2      | Noticed Natasha
  1965 | D:2      | Slain by Jessica

Illustrated notes

Levels and vault maps discovered:
D:1:      dpeg_arrival_arbitrary_b, layout_loops_ring, serial_shops, shop,
          shapermc_ecumenical_altar_flowoftime, roderic_lattice_a
D:2:      layout_loops_ring, serial_shops, nicolae_shop_behind_doors,
          corexii_hall_statues_u, uniq_jessica, uniq_natasha

Skill      XL: |  1  2  3 |
---------------+----------+-----
Axes           | 2 |  2.6
Shields        | 3 |  3.0
Dodging        | 1 |  1.1
Armour         | 3 |  3.0
Fighting       | |  3.3

Action                   || total
-------------------------++-------
Melee: War axe           ||   119
  Use: Potion            ||     1
Armor: Scale mail        ||    56
Dodge: Dodged            ||    54
Block: Buckler           ||    21
